 Dungeon Crawl Stone Soup version 0.30.1 (webtiles) character file.

Game seed: 14627533740253768614

83 Graphine the Shooter (level 4, 0/27 HPs)
             Began as a Deep Elf Hunter on July 11, 2023.
             Slain by a hornet (5 damage)
             ... on level 6 of the Dungeon.
             The game lasted 00:03:25 (1396 turns).

Graphine the Shooter (Deep Elf Hunter)              Turns: 1396, Time: 00:03:26

Health: 0/27       AC:  9    Str:  8    XL:     4   Next: 22%
Magic:  6/6        EV: 18    Int: 16    God:
Gold:   111        SH:  0    Dex: 23    Spells: 3/3 levels left

rFire   . . .        e - +5 sling (flame)
rCold   . . .        (no shield)
rNeg    . . .        c - +0 leather armour
rPois   .            p - +0 hat
rElec   +            i - +1 cloak
rCorr   .            (no gloves)
SInv    .            (no boots)
Will    +....        j - amulet of Ycziegoe {Acrobat Drain rElec Will+ Dex+5}
Stlth   ++           f - +5 ring of evasion
HPRegen 0.24/turn    q - +4 ring of protection
MPRegen 0.10/turn

%: acrobat
@: no status effects
A: no striking features
a: no special abilities


You were on level 6 of the Dungeon.
You visited 1 branch of the dungeon, and saw 4 of its levels.

You collected 111 gold pieces.

Inventory:

Hand Weapons
 a - a +0 shortbow
 e - a +5 sling of flaming (weapon)
Armour
 c - a +0 leather armour (worn)
 i - a +1 cloak (worn)
 p - a +0 hat (worn)
Magical Staves
 d - a staff of air
Jewellery
 f - a +5 ring of evasion (left hand)
 j - the amulet of Ycziegoe (around neck) {Acrobat Drain rElec Will+ Dex+5}
   (You acquired it on level 2 of the Dungeon)

   [amulet of the acrobat]

   It increases your evasion while moving and waiting.
   Dex:       It affects your dexterity (+5).
   rElec:     It insulates you from electricity.
   Drain:     It drains your maximum health when unequipped.
   Will:      It increases your willpower.
 q - a +4 ring of protection (right hand)
Scrolls
 b - a scroll of immolation
 r - a scroll of identify
Potions
 g - 2 potions of ambrosia
 h - 2 potions of brilliance {unknown}
 k - a potion of flight {unknown}
 l - a potion of resistance {unknown}
 m - a potion of lignification {unknown}
 n - 2 potions of mutation {unknown}
 o - a potion of invisibility {unknown}


   Skills:
 + Level 2.4 Fighting
 + Level 6.1 Ranged Weapons
 + Level 3.7 Dodging
 - Level 1.5 Stealth


You had 3 spell levels left.
You didn't know any spells.
Your spell library was empty.

Dungeon Overview and Level Annotations

Branches:
Dungeon (3/15)

Altars:

Shops:
D:1 (


Message History

The sling bullet burns the hornet.
The hornet is almost dead.
The hornet misses you. The hornet stings you.
You feel yourself slow down.
Fire: e) +5 sling (flame)
Press: ? - help, Q - select action Shift-Dir - straight line, f/p - hornet
Aim: a hornet (almost dead, 59% to hit)
You shoot a sling bullet. The sling bullet misses the hornet.
The hornet stings you.
You suddenly lose the ability to move!
The hornet stings you.
You feel as though you will be slow longer.
The hornet stings you!
* * * LOW HITPOINT WARNING * * *
You feel as though you will be slow longer.
You can move again.
Fire: e) +5 sling (flame)
Press: ? - help, Q - select action Shift-Dir - straight line, f/p - hornet
Aim: a hornet (almost dead, 59% to hit)
You shoot a sling bullet.
The sling bullet barely misses the hornet.
The hornet closely misses you. The hornet misses you.
Fire: e) +5 sling (flame)
Press: ? - help, Q - select action Shift-Dir - straight line, f/p - hornet
Aim: a hornet (almost dead, 59% to hit)
Okay, then.
Okay, then.
Fire: e) +5 sling (flame)
Press: ? - help, Q - select action Shift-Dir - straight line, f/p - hornet
Aim: a hornet (almost dead, 59% to hit)
You shoot a sling bullet. The sling bullet hits the hornet.
The sling bullet burns the hornet.
The hornet is almost dead.
The hornet closely misses you. The hornet misses you.
The hornet stings you but does no damage.
Fire: e) +5 sling (flame)
Press: ? - help, Q - select action Shift-Dir - straight line, f/p - hornet
Aim: a hornet (almost dead, 59% to hit)
You shoot a sling bullet. The sling bullet misses the hornet.
You feel yourself speed up. The hornet stings you.
You die...

... .. . ... ..
##.. ..... #.
..!..#.#.# .
#...#.#...# ..
#...#.#.#.#....
#..........#
##.....@#
+.....y.# #
##.#..$.#..#
#..........#
##............
#.../.#.##.###
....##.#.. ...
.... ...... ##.
... .#.#####


You could see a hornet.

Vanquished Creatures
  2 adders (D:2)
  3 gnolls (D:2)
  A worm (D:2)
  A dart slug (D:1)
  A ball python (D:1)
  3 endoplasms
  3 goblins
  6 hobgoblins
  5 kobolds
  A quokka (D:1)
  4 bats (D:1)
  A frilled lizard (D:2)
  A rat (D:1)
32 creatures vanquished.

Notes
Turn   | Place    | Note
-------+----------+-------------------------------------------
     0 | D:1      | Graphine the Deep Elf Hunter began the quest for the Orb.
     0 | D:1      | Reached XP level 1. HP: 12/12 MP: 3/3
    66 | D:1      | Found Gujumai's Antique Weapon Boutique.
   138 | D:1      | Reached XP level 2. HP: 17/17 MP: 4/4
   703 | D:2      | Reached XP level 3. HP: 21/21 MP: 5/5
   936 | D:2      | Reached skill level 6 in Ranged Weapons
   939 | D:2      | Reached XP level 4. HP: 18/27 MP: 6/6
  1327 | D:2      | Identified a scroll of acquirement
  1327 | D:2      | Acquired the amulet of Ycziegoe {Acrobat Drain rElec Will+
                  | Dex+5}
  1383 | D:3      | You fall into a shaft and drop 3 floors!
  1384 | D:6      | Noticed a hornet
  1384 | D:6      | Noticed a water moccasin
  1393 | D:6      | Paralysed by a hornet for 1 turns
  1396 | D:6      | Slain by a hornet

Illustrated notes

Levels and vault maps discovered:
D:1:      nagdon_arrival_double_spiral, layout_loops_ring, serial_shops, shop
D:2:      layout_loops_ring
D:3:      layout_loops_ring, old_standard_altar, minmay_surrounded
D:6:      layout_basic, mainiacjoe_overflow_six_doors_small, uniq_duvessa,
          uniq_sigmund

Skill      XL: |  1  2  3 |
---------------+----------+-----
Dodging        | 3 |  3.7
Fighting       | 2 |  2.4
Ranged Weapons | 6 |  6.1
Stealth        | |  1.5

Action                     |  1- 3 |  4- 6 || total
---------------------------+-------+-------++-------
   Fire: Sling             |    48 |    17 ||    65
         Shortbow          |     8 |       ||     8
    Use: Scroll            |     5 |     3 ||     8
 Armour: Leather armour    |     2 |     1 ||     3
  Dodge: Dodged            |    13 |     7 ||    20
